Map: Ultralove

Players

LiquidMaNa (MaNa) - Winner!

  • Race: Protoss Protoss
  • League: Grandmaster
  • Spawn Location: 7:00

VITRyung (Ryung)

  • Race: Terran Terran
  • League: Master
  • Spawn Location: 1:00

Event: HomeStory Cup XXVII

VOD

Have the link to the VOD?

Description

Time

  • Played on: June 27, 2025, 9:36 a.m.
  • Length: 11:20

All games in this series

Show
View Real Time Build Order
Export as new Build Order

LiquidMaNa Protoss - Winner!

Build Orders: 1 Gate Expand, Phoenix Opening, Blink Stalkers, Zealot Archon 

Get SALT Encoding   

  12  0:00  Probe  
  13  0:12  Probe  
  14  0:17  Pylon  
  14  0:23  Probe  
  15  0:31  Probe  
  16  0:36  Gateway  
  16  0:39  Probe  
  16  0:45  Assimilator  
  17  0:50  Probe  
  18  0:59  Probe  
  19  1:07  Probe  
  20  1:20  Nexus  
  20  1:30  Cybernetics Core  
  20  1:33  Probe  
  21  1:42  Assimilator  
  21  1:45  Probe  
  22  1:48  Pylon  
  22  1:55  Stalker  
  22  1:57  Probe  
  23  2:07  Warp Gate  
  25  2:09  Probe  
  26  2:21  Probe  
  27  2:24  Sentry  
  29  2:31  Probe  
  29  2:33  Probe  
  31  2:39  Probe  
  32  2:46  Phoenix, Probe  
  32  2:47  Probe, Twilight Council  
  32  2:48  Stalker  
  35  2:58  Probe  
  36  2:59  Probe  
  37  3:08  Gateway  
  37  3:10  Probe  
  38  3:13  Blink  
  38  3:15  Stalker  
  38  3:18  Shield Battery, Probe  
  41  3:22  Probe  
  42  3:30  Probe  
  43  3:34  Probe  
  43  3:38  Pylon  
  44  3:42  Probe  
  44  3:46  Probe  
  46  3:53  Pylon  
  46  3:56  Probe, Robotics Facility  
  46  3:58  Stalker  
  46  4:01  Probe  
  50  4:05  Stalker  
  50  4:08  Probe  
  52  4:13  Probe  
  53  4:20  Probe  
  54  4:25  Probe, Assimilator x2  
  54  4:28  Stalker x2  
  59  4:33  Probe  
  59  4:37  Probe  
  61  4:39  Forge  
  61  4:41  Pylon  
  61  4:45  Probe  
  62  4:48  Gateway  
  62  4:55  Pylon  
  62  4:59  Observer, Probe x2, Stalker x2  
  69  5:00  Charge  
  69  5:08  Warp Prism  
  69  5:11  Gateway  
  69  5:12  Protoss Ground Weapons Level 1  
  69  5:15  Observer  
  69  5:20  Probe  
  72  5:24  Stalker  
  72  5:28  Stalker  
  76  5:32  Pylon  
  76  5:36  Gateway  
  76  5:48  Zealot  
  76  5:49  Zealot  
  78  5:52  Pylon  
  78  5:56  Probe x2  
  80  6:04  Templar Archives  
  80  6:08  Probe  
  77  6:11  Zealot x4  
  83  6:22  Pylon  
  83  6:24  Pylon x2  
  83  6:32  Zealot x2  
  81  6:33  Stalker x3  
  79  6:48  Shield Battery  
  79  6:50  Shield Battery  
  75  6:58  Zealot x4  
  77  7:03  Probe  
  77  7:08  Nexus  
  72  7:20  Stalker x4  
  78  7:32  Probe x2  
  78  7:36  Psionic Storm  
  78  7:44  Probe x2, Protoss Ground Armor Level 1  
  78  7:46  High Templar  
  78  7:47  High Templar x3  
  78  7:51  Archon x2  
  88  7:52  Observer  
  88  7:56  Probe x2  
  86  8:09  Probe x2  
  80  8:19  High Templar x2, Zealot x2  
  86  8:21  Probe x2  
  88  8:27  Gateway, Probe  
  88  8:28  Gateway  
  88  8:30  Gateway, Pylon  
  88  8:33  Gateway, Probe x2  
  91  8:35  Shield Battery  
  91  8:39  Probe  
  91  8:40  Observer  
  92  8:50  Nexus  
  92  9:11  Warp Prism  
  92  9:13  Archon  
  92  9:15  Zealot x4  
  92  9:26  High Templar, Zealot x2  
  92  9:29  Pylon  
  98  9:33  Stalker  
  98  9:38  Zealot x4  
  104  9:39  Probe  
  108  9:50  High Templar x2  
  112  9:59  Zealot x6  
  112  10:11  Observer  
  104  10:16  Immortal  
  107  10:21  Archon  
  107  10:26  Probe x2  
  107  10:28  Stalker x8  
  116  10:53  Stalker x3, Zealot x2  
  116  10:54  Zealot x3  
  102  10:58  Stalker x8  
  102  10:59  Probe  
  102  11:01  Probe  
Show
View Real Time Build Order
Export as new Build Order

VITRyung Terran 

Build Orders:  

Get SALT Encoding   

  12  0:00  SCV  
  13  0:12  SCV  
  14  0:17  Supply Depot  
  14  0:24  SCV  
  15  0:38  SCV  
  15  0:40  Barracks  
  16  0:44  Refinery  
  16  0:50  SCV  
  16  0:52  Refinery  
  17  1:02  SCV  
  18  1:14  SCV  
  19  1:27  Orbital Command, Reaper  
  19  1:28  Supply Depot  
  20  1:40  Factory  
  20  1:52  SCV  
  21  1:59  Barracks Reactor  
  21  2:04  SCV  
  22  2:13  Command Center  
  22  2:16  SCV  
  23  2:27  Factory Tech Lab  
  23  2:28  SCV  
  24  2:33  Starport  
  24  2:37  Marine x2  
  24  2:40  SCV  
  27  2:46  Supply Depot  
  27  2:53  SCV  
  27  2:56  Siege Tank  
  31  3:07  Marine x2  
  31  3:08  SCV  
  31  3:12  Medivac  
  36  3:20  SCV  
  36  3:25  Marine x2  
  39  3:32  Siege Tank, SCV  
  43  3:40  Supply Depot  
  43  3:45  Marine x2  
  43  3:46  Starport Tech Lab  
  43  3:47  SCV  
  45  3:53  Orbital Command  
  45  3:59  SCV  
  46  4:05  Banshee  
  49  4:14  SCV  
  50  4:19  Siege Tank  
  50  4:20  SCV  
  50  4:23  Supply Depot  
  54  4:26  SCV  
  54  4:30  Barracks  
  55  4:32  SCV  
  55  4:37  Marine x2  
  55  4:38  Bunker, SCV  
  58  4:44  SCV  
  60  4:49  Banshee, Supply Depot  
  60  4:51  SCV  
  64  4:57  Supply Depot, SCV  
  65  5:02  Marine, Siege Tank  
  65  5:03  SCV  
  70  5:11  SCV  
  70  5:12  Supply Depot  
  71  5:17  SCV  
  71  5:18  Barracks  
  72  5:23  SCV  
  72  5:24  Barracks Tech Lab  
  73  5:29  SCV  
  73  5:31  Engineering Bay  
  73  5:34  Siege Tank  
  73  5:35  SCV  
  78  5:47  SCV x2  
  77  5:51  Refinery  
  77  5:52  Refinery, Supply Depot  
  77  5:54  Banshee  
  80  5:58  Supply Depot  
  80  5:59  SCV x2  
  82  6:11  Bunker  
  79  6:14  Bunker  
  79  6:18  SCV x2, Siege Tank  
  81  6:21  Marine x2  
  81  6:23  Marine  
  81  6:24  Command Center  
  85  6:30  SCV  
  83  6:40  SCV  
  83  6:42  SCV  
  84  6:52  SCV  
  80  6:54  SCV  
  80  6:57  Bunker  
  73  7:08  Viking  
  73  7:10  Stimpack  
  73  7:11  SCV x2  
  77  7:21  Marine x2  
  77  7:22  Marine  
  79  7:23  Marine  
  79  7:24  Supply Depot  
  79  7:25  SCV  
  81  7:30  Terran Infantry Weapons Level 1  
  81  7:39  Marine x3  
  81  7:41  Marine  
  81  7:43  Combat Shield  
  82  7:48  SCV x2  
  82  7:49  Missile Turret  
  82  7:50  Factory Reactor, Orbital Command  
  84  8:04  Marine x4  
  79  8:12  Supply Depot  
  74  8:14  Supply Depot  
  70  8:21  Barracks, Marine  
  70  8:25  Barracks  
  71  8:29  Marine x3  
  74  8:35  Medivac x2  
  74  8:39  Factory Reactor, Marine  
  79  8:47  Marine  
  79  8:48  Marauder x2  
  84  8:57  Ghost Academy, Marine  
  85  9:05  Medivac x2  
  85  9:09  Marauder x2  
  89  9:13  Marauder, Marine  
  89  9:15  Marine  
  89  9:16  Widow Mine x2  
  93  9:20  Concussive Shells  
  91  9:24  Terran Infantry Armor Level 1  
  91  9:29  Barracks Reactor  
  91  9:30  Marauder  
  92  9:36  Orbital Command  
  92  9:37  Ghost x2, Marine x2, Widow Mine x2  
  104  9:43  SCV x2  
  106  9:51  Ghost  
  107  10:00  Marine x2  
  107  10:05  Medivac  
  107  10:06  Marauder x2  
  113  10:11  Medivac  
  113  10:17  Widow Mine x2  
  113  10:18  Marine  
  113  10:20  Marauder  
  114  10:27  Marauder  
  114  10:28  Marauder  
  118  10:31  Marine x3  
  121  10:36  Viking, Marine  
  121  10:41  Viking  
  121  10:42  Marauder  
  128  10:49  Marauder x2, Marine x3  
  128  10:54  Marine  
Tags
 
Add a new tag
Caveats
  • Supply blocks, unpowered buildings, or Contaminate may cause inaccurate times.
  • Supply counts are checked every 10 seconds.